 Dungeon Crawl Stone Soup version 0.24-a0-170-gd8427f5 (webtiles) character file.

Game seed: 8748471232887699257

747185 Dfrag the Sorcerer (level 27, 0/391 HPs)
             Began as a Demonspawn Fire Elementalist on Mar 10, 2019.
             Was the Champion of Vehumet.
             Slain by a bennu (4 damage)
             ... on level 22 of a ziggurat.
             The game lasted 03:14:44 (82466 turns).

Dfrag the Sorcerer (Demonspawn Fire Elementalist)  Turns: 82466, Time: 03:14:45

Health: 0/391      AC: 33    Str: 15    XL:     27
Magic:  0/50       EV:  2    Int: 31    God:    Vehumet [******]
Gold:   2903       SH: 15    Dex: 16    Spells: 8/73 levels left

rFire    + + +     SeeInvis .   C - staff of fire
rCold    . . .     Gourm    .   L - +2 shield of Resistance {rF+ rC+ MR+}
rNeg     + + +     Faith    .   (armour currently unavailable)
rPois    +         Spirit   +   (helmet unavailable)
rElec    .         Reflect  .   (cloak currently unavailable)
rCorr    .         Harm     .   (gloves currently unavailable)
MR       +++..     Clarity  +   (boots currently unavailable) Stlth ++........NoTele +
                                d - amulet "Kofyrpha" {Spirit Int+4 Dex+2}
HPRegen  0.75/turn              g - ring of fire
MPRegen  0.64/turn              z - ring of Giqu {Wiz Str+4}

@: lethally poisoned (0 -> -1), tree-form, very slightly contaminated, slowed,
studying Charms, very slow
A: clarity, ignite blood, robust 3, magic shield, magic regeneration, magic
link, flame cloud immunity
}: 3/15 runes: decaying, serpentine, slimy
a: Renounce Religion


You were on level 22 of a ziggurat.
You worshipped Vehumet.
Vehumet was exalted by your worship.
You were not hungry.
You were a tree.
You visited 11 branches of the dungeon, and saw 53 of its levels.
You visited 1 ziggurat, and saw 22 of its levels.
You also visited: Trove, Sewer, Bailey and Wizlab.

You collected 9364 gold pieces.
You spent 6461 gold pieces at shops.

Inventory:

Hand Weapons
 B - the +9 staff of Wucad Mu {channel}
   (You found it in a wizard's laboratory)
 K - the +12 glaive of Prune {chop}
   (You found it on level 13 of a ziggurat)

   It inflicts extra damage upon your enemies.
Armour
 u - the +0 troll leather armour "Xyolikhe" {rC+ Regen+ Str+3 Dex+3}
   (You found it on level 10 of a ziggurat)

   It affects your strength (+3).
   It affects your dexterity (+3).
   It protects you from cold.
   It increases your rate of regeneration.
 D - a +2 pair of boots of running (melded)
 E - a +2 pair of gloves (melded)
 L - the +2 shield of Resistance (worn) {rF+ rC+ MR+}
   (You took it off a deep elf knight on level 1 of the Elven Halls)

   It protects you from fire.
   It protects you from cold.
   It affects your resistance to hostile enchantments.
 Q - the +1 pair of boots "Zohoel" {rPois rF+}
   (You found it on level 17 of a ziggurat)

   It protects you from fire.
   It protects you from poison.
 S - a +2 cloak of invisibility (melded)
 T - the +0 faerie dragon scales (melded) {rCorr Str+4 Int+4}
   (You took it off the Enchantress on level 2 of the Depths)

   It affects your strength (+4).
   It affects your intelligence (+4).
   It provides partial protection from all sources of acid and corrosion.
Magical Staves
 C - an uncursed staff of fire (weapon)
 J - an uncursed staff of conjuration
 U - an uncursed staff of energy
Jewellery
 d - the amulet "Kofyrpha" (around neck) {Spirit Int+4 Dex+2}
   (You found it on level 3 of the Lair of Beasts)

   [amulet of guardian spirit]

   It causes incoming damage to be split between your health and magic.
   It affects your intelligence (+4).
   It affects your dexterity (+2).
 e - the ring of Ydayren {+Fly rF++ rN+}
   (You found it in a treasure trove)

   [ring of flight]

   It greatly protects you from fire.
   It protects you from negative energy.
   It lets you fly.
 g - a ring of fire (left branch)
 y - an uncursed amulet of magic regeneration
 z - the ring of Giqu (right branch) {Wiz Str+4}
   (You found it on level 1 of the Crypt)

   [ring of wizardry]

   It improves your spell success rate.
   It affects your strength (+4).
Wands
 l - a wand of acid (42)
 n - a wand of clouds (11)
 v - a wand of random effects (16)
 R - a wand of iceblast (10)
Scrolls
 a - 7 scrolls of enchant weapon
 b - 3 scrolls of amnesia
 i - a scroll of silence
 j - 24 scrolls of remove curse
 k - 9 scrolls of magic mapping
 m - a scroll of brand weapon
 r - 30 scrolls of teleportation
 s - 4 scrolls of enchant armour
 t - 10 scrolls of blinking
 G - 23 scrolls of fog
 H - 5 scrolls of fear
 I - 24 scrolls of identify
 N - 3 scrolls of summoning
Potions
 f - 7 potions of mutation
 h - 9 potions of curing
 o - 7 potions of haste
 p - 5 potions of ambrosia
 q - 10 potions of heal wounds
 w - 11 potions of might
 x - 4 potions of magic
 A - 4 potions of brilliance
 F - 8 potions of resistance
 M - 6 potions of invisibility
 V - 3 potions of cancellation
 X - 2 potions of lignification
Books
 P - a manual of Charms
Miscellaneous
 O - a lightning rod (4/4)
Comestibles
 c - 56 rations


   Skills:
 - Level 13.1 Fighting
 - Level 1.7 Dodging
 - Level 1.7 Stealth
 - Level 15.0 Shields
 - Level 23.8 Spellcasting
 - Level 21.4 Conjurations
 - Level 19.3 Fire Magic
 + Level 19.2 Ice Magic
 - Level 20.4 Air Magic
 + Level 12.4 Earth Magic


You had 8 spell levels left.
You knew the following spells:

 Your Spells              Type           Power        Failure   Level  Hunger
a - Lehudib's Crystal Sp  Conj/Erth      #######...   1%          8    ###....
b - Tornado               Air            ########..   2%          9    #####..
c - Glaciate              Conj/Ice       ########..   2%          9    #####..
d - Fireball              Conj/Fire      #########.   0%          5    None
e - Ignition              Fire           #########.   1%          8    ###....
f - Fire Storm            Conj/Fire      #########.   2%          9    #####..
g - Bolt of Fire          Conj/Fire      #########.   1%          6    None
i - Orb of Destruction    Conj           ########..   1%          7    None
j - Sticky Flame          Conj/Fire      ########     0%          4    None

Your spell library contained the following spells:

 Spells                   Type           Power        Failure   Level  Hunger
 Chain Lightning          Conj/Air       ########..   1%          8    ###....
 Flame Tongue             Conj/Fire      #####        0%          1    None
 Freeze                   Ice            ####         0%          1    None
 Magic Dart               Conj           ####         0%          1    None
 Sandblast                Erth           ######       0%          1    None
 Shock                    Conj/Air       ####         0%          1    None
 Sting                    Conj/Pois      ####         0%          1    None
 Ensorcelled Hibernation  Hex/Ice        ######       0%          2    None
 Poisonous Vapours        Pois/Air       ######       0%          2    None
 Searing Ray              Conj           ######       0%          2    None
 Swiftness                Chrm/Air       #######.     0%          2    None
 Throw Flame              Conj/Fire      ######       0%          2    None
 Throw Frost              Conj/Ice       ######       0%          2    None
 Conjure Flame            Conj/Fire      ########     0%          3    None
 Mephitic Cloud           Conj/Pois/Air  #######.     0%          3    None
 Static Discharge         Conj/Air       ########     0%          3    None
 Stone Arrow              Conj/Erth      ######       0%          3    None
 Airstrike                Air            ########..   0%          4    None
 Iskenderun's Mystic Bla  Conj           ########     0%          4    None
 Throw Icicle             Conj/Ice       ########     0%          4    None
 Bolt of Magma            Conj/Fire/Erth ########..   0%          5    None
 Lightning Bolt           Conj/Air       ########..   0%          5    None
 Conjure Ball Lightning   Conj/Air       ########..   0%          6    None
 Animate Skeleton         Necr           N/A          1%          1    None
 Beastly Appendage        Tmut           #####.       1%          1    None
 Confusing Touch          Hex            #####.       1%          1    None
 Corona                   Hex            #####..      1%          1    None
 Infusion                 Chrm           ####         1%          1    None
 Pain                     Necr           ####         1%          1    None
 Summon Butterflies       Summ           #####...     1%          1    None
 Blink                    Tloc           N/A          1%          2    None
 Call Imp                 Summ           #####...     1%          2    None
 Corpse Rot               Necr           N/A          1%          2    None
 Passwall                 Tmut/Erth      ######..     1%          2    None
 Shroud of Golubria       Chrm/Tloc      #####.....   1%          2    None
 Slow                     Hex            #####...     1%          2    None
 Song of Slaying          Chrm           #####...     1%          2    None
 Sticks to Snakes         Tmut           #####...     1%          2    None
 Sublimation of Blood     Necr           #####.....   1%          2    None
 Call Canine Familiar     Summ           #####...     1%          3    None
 Confuse                  Hex            #####...     1%          3    None
 Dazzling Spray           Conj/Hex       ######       1%          3    None
 Gell's Gravitas          Tloc           #####.....   1%          3    None
 Ignite Poison            Fire/Tmut/Pois ########     1%          3    None
 Inner Flame              Hex/Fire       ########     1%          3    None
 Lesser Beckoning         Tloc           #####.....   1%          3    None
 Ozocubu's Armour         Chrm/Ice       #######.     1%          3    None
 Portal Projectile        Hex/Tloc       #####.       1%          3    None
 Recall                   Summ/Tloc      N/A          1%          3    None
 Regeneration             Chrm/Necr      #####.....   1%          3    None
 Spectral Weapon          Hex/Chrm       #####...     1%          3    None
 Spider Form              Tmut/Pois      #####.....   1%          3    None
 Teleport Other           Tloc           #####...     1%          3    None
 Tukima's Dance           Hex            #####...     1%          3    None
 Vampiric Draining        Necr           #####.....   1%          3    None
 Force Lance              Conj/Tloc      #######.     1%          4    None
 Fulminant Prism          Conj/Hex       #######...   1%          4    None
 Ice Form                 Ice/Tmut       #######.     1%          4    None
 Leda's Liquefaction      Hex/Erth       ######....   1%          4    None
 Petrify                  Tmut/Erth      ######..     1%          4    None
 Summon Ice Beast         Ice/Summ       #######.     1%          4    None
 Summon Lightning Spire   Summ/Air       #######.     1%          4    None
 Bolt of Draining         Conj/Necr      #######...   1%          5    None
 Borgnjor's Vile Clutch   Necr/Erth      ######....   1%          5    None
 Irradiate                Conj/Tmut      #######...   1%          5    None
 Iskenderun's Battlesphe  Conj/Chrm      #######.     1%          5    None
 Lee's Rapid Deconstruct  Erth           #######...   1%          5    None
 Metabolic Englaciation   Hex/Ice        #######...   1%          5    None
 Silence                  Hex/Air        #######...   1%          5    None
 Venom Bolt               Conj/Pois      #######...   1%          5    None
 Deflect Missiles         Chrm/Air       #######...   1%          6    None
 Freezing Cloud           Conj/Ice/Air   ########..   1%          6    None
 Iron Shot                Conj/Erth      #######...   1%          6    None
 Ozocubu's Refrigeration  Ice            ########..   1%          6    None
 Poison Arrow             Conj/Pois      #######...   1%          6    None
 Simulacrum               Ice/Necr       #######...   1%          6    None
 Spellforged Servitor     Conj/Summ      #######...   1%          7    None
 Yara's Violent Unravell  Hex/Tmut       #####.....   2%          5    None
 Animate Dead             Necr           N/A          3%          4    None
 Cause Fear               Hex            #####.....   3%          4    None
 Passage of Golubria      Tloc           N/A          3%          4    None
 Statue Form              Tmut/Erth      ######...    4%          6    None
 Ring of Flames           Chrm/Fire      ########..   5%          7    None
 Agony                    Necr           #####...     9%          5    None
 Alistair's Intoxication  Tmut/Pois      #####...     9%          5    None
 Aura of Abjuration       Summ           #####.....   9%          5    None
 Blade Hands              Tmut           #####.....   9%          5    None
 Dispel Undead            Necr           #####...     9%          5    None
 Excruciating Wounds      Chrm/Necr      #####.....   9%          5    None
 Summon Demon             Summ           #####.....   9%          5    None
 Summon Forest            Summ/Tloc      #####.....   9%          5    None
 Summon Mana Viper        Hex/Summ       #####...     9%          5    None
 Darkness                 Hex            #####.....   43%         6    None
 Death Channel            Necr           #####.....   43%         6    None
 Dispersal                Tloc           #####.....   43%         6    None
 Hydra Form               Tmut           #####.....   43%         6    None
 Invisibility             Hex            #####...     43%         6    None
 Shadow Creatures         Summ           N/A          43%         6    None
 Summon Hydra             Summ           #####.....   92%         7    None
 Controlled Blink         Tloc           N/A          100%        8    ###....
 Discord                  Hex            #####.....   100%        8    ###....
 Disjunction              Tloc           #####.....   100%        8    ###....
 Shatter                  Erth           #######...   41%         9    #####..


Dungeon Overview and Level Annotations

Branches:
Dungeon (15/15)            Temple (1/1) D:7            Lair (6/6) D:10
  Swamp (4/4) Lair:3        Snake (4/4) Lair:3        Slime (5/5) Lair:5
    Orc (2/2) D:12            Elf (3/3) Orc:2        Vaults (5/5) D:13
  Crypt (3/3) Vaults:2     Depths (5/5) D:15            Zot (0/5) Depths:5
   Tomb: Crypt:3

Altars:
Cheibriados
Dithmenos
Fedhas
Hepliaklqana
Kikubaaqudgha
Okawaru
Qazlal
Trog
Uskayaw
Vehumet
Xom
Yredelemnul
Zin
The Shining One
Beogh
Jiyva

Shops:
D:5 =   Orc:1 !   Orc:2 ?([:   Elf:2 (   Elf:3 [   Snake:1 :   Vaults:1 %
Vaults:2 ?   Vaults:3 *:*   Depths:2 !   Depths:3 ==[   Depths:5 :[

Portals:
Hell: Depths:1 Depths:2 Depths:3 Depths:4 Depths:5
Abyss: Depths:3 Depths:4
Pandemonium: Depths:3 Depths:4

Annotations:
D:10 1 runed translucent door
Snake:1 2 transporters, Huconiu's ghost, adept HaHu
Snake:2 1 runed translucent door, Tang's ghost, adept SpAr
Elf:1 6 runed translucent doors


Innate Abilities, Weirdness & Mutations

((You have a pair of large antennae on your head. (SInv)))
((You are completely covered in yellow scales. (AC +4, rCorr)))
((Your flesh is heat resistant. (rF+)))
Your demonic aura causes spilled blood to erupt in flames.
You are extremely robust. (+30% HP)
When hurt, damage is shared between your health and your magic reserves.
You regenerate magic rapidly.
When low on magic, you restore magic in place of health.
You are immune to clouds of flame.
((You have a beak for a mouth.))
((You have hoof-like feet.))
((You can translocate small distances at will.))
You possess an exceptional clarity of mind.
((You are covered in fur. (AC +1)))


Message History

The bennu claws you but does no damage. x2
The jiangshi is engulfed in blazing flames.
Your fire vortex hits the shadow.
Your fire vortex burns the shadow!
Your fire vortex dissipates!
You block the guardian mummy's attack. The bennu pecks you but does no damage.
The bennu claws you!
* * * LOW HITPOINT WARNING * * *
The bennu claws you but does no damage.
The greater mummy gestures at you while chanting.
Something smites you!
* * * LOW HITPOINT WARNING * * *
The death scarab bites you!
* * * LOW HITPOINT WARNING * * *
The ynoxinul gestures.
The jiangshi is engulfed in blazing flames.
The flying skull is engulfed in blazing flames.
The death scarab is engulfed in blazing flames.
The guardian mummy completely misses you.
The bennu pecks you.
You die...

........▓▓
....###..▓▓
....#.#...▓▓
....###....▓▓
..Mv........▓▓
.°○.....v....▓▓
..○s°M........▓▓
.°zW.V.s♣b...∩.▓
.3°MW...sM....▓▓
§Z8.....v....▓▓
..M.........▓▓
....###....▓▓
....#.#...▓▓
....###..▓▓
........▓▓


You could see 2 greater mummies, a bennu, a jiangshi, a guardian mummy, an
ushabti, a ynoxinul, a wraith, 3 death scarabs, a fire vortex, a shadow, a
flying skull, 2 mummies, a deep elf demonologist zombie and 2 friendly fire
vortices.

Vanquished Creatures
  the Royal Jelly (Slime:5)
  Mara (Swamp:3)
  The ghost of Zuto the Ruinous, a veteran DrFE of Vehumet (Crypt:1)
  A juggernaut (Depths:4)
  3 ancient liches
  20 greater mummies
  A shard shrike (Zig:4)
  Bai Suzhen (Elf:3)
  Saint Roka (Elf:3)
  4 caustic shrikes (Depths:4)
  10 golden dragons
  the Enchantress (Depths:2)
  Nikola (Elf:3)
  8 pearl dragons (Zig:19)
  3 bone dragons
  4 iron giants
  A Tzitzimitl (Zig:5)
  5 tentacled monstrosities
  A Hell Sentinel (Zig:8)
  2 deep elf master archers (Elf:3)
  2 titans
  A lich (Depths:4)
  3 deep elf blademasters
  Frances (Swamp:2)
  2 sphinxes
  5 ancient champions
  A tentacled starspawn (Zig:3)
  39 acid blobs
  Donald (Swamp:4)
  2 shadow dragons
  A draconian monk (Depths:5)
  6 tengu reavers
  5 thorn hunters
  3 daevas (Zig:19)
  14 revenants
  4 storm dragons
  16 nagarajas
  13 azure jellies
  2 iron dragons (Depths:4)
  13 frost giants
  5 deep elf sorcerers
  10 fire giants
  3 cacodemons
  10 angels (Zig:19)
  An emperor scorpion (Zig:15)
  3 juggernaut zombies
  6 ghost moths
  8 curse skulls
  6 vault wardens
  2 caustic shrike zombies (Zig:20)
  The ghost of Dfrag the Fighter, a journeyman DDNe of Makhleb (Elf:1)
  5 ghouls
  10 reapers
  A caustic shrike skeleton (Zig:22)
  4 spriggan defenders (Depths:4)
  3 deep elf elementalists
  26 very ugly things
  5 war gargoyles
  15 stone giants
  4 ophanim (Zig:19)
  9 bennus
  9 ironheart preservers
  4 apis (Zig:19)
  6 entropy weavers
  3 yellow draconians (Depths:5)
  9 vampire knights
  8 deep elf annihilators (Elf:3)
  A spark wasp (shapeshifter) (D:13)
  7 deep elf demonologists
  4 black draconians (Depths:5)
  16 eidola
  8 spark wasps
  2 orange crystal statues
  11 ettins
  A crystal guardian (Vaults:4)
  16 deep elf death magi
  9 green deaths
  Snorg (D:14)
  A blizzard demon (Zig:5)
  8 jiangshi
  7 mummy priests
  8 fire dragons
  7 death oozes
  12 yaktaur captains
  20 great orbs of eyes
  2 quicksilver dragon zombies (Zig:20)
  Josephine (D:15)
  4 deep elf high priests
  14 ice dragons
  14 ogre magi
  36 vault guards
  3 rakshasas
  37 hydras
  18 naga warriors
  3 ghost crabs
  6 spriggan air magi
  10 centaur warriors
  4 shambling mangroves
  21 alligators
  8 death knights
  43 two-headed ogres
  32 dancing weapons
  3 satyrs (Depths:2)
  15 anacondas
  5 death scarabs (Zig:18)
  A spectral frost giant (Crypt:1)
  12 vampire magi
  13 deep troll shamans
  19 naga sharpshooters
  6 deep troll earth magi
  6 spriggan berserkers
  2 titan zombies
  3 death yaks (Lair:5)
  2 tengu warriors
  3 orc high priests
  14 shock serpents
  A shock serpent (shapeshifter) (Depths:3)
  A titan skeleton (Crypt:1)
  3 spriggans
  3 soul eaters
  Nergalle (Orc:1)
  17 deep elf knights
  4 salamander mystics
  A spectral emperor scorpion (Crypt:1)
  3 hell knights
  8 shadow wraiths
  A spark wasp zombie (Zig:8)
  An iron troll (shapeshifter) (Depths:2)
  A storm dragon skeleton (Vaults:5)
  2 spriggan druids
  An iron giant zombie (Crypt:2)
  8 sea snakes (Snake:4)
  3 unseen horrors
  9 iron trolls
  7 cherubim (Zig:19)
  7 wizards
  30 skeletal warriors
  A swamp dragon (shapeshifter) (Depths:2)
  6 death drakes
  6 glowing orange brains
  3 tengu zombies
  An obsidian statue (Zig:8)
  18 phantasmal warriors
  33 deep trolls
  18 swamp dragons
  9 naga ritualists
  11 ironbrand convokers
  9 flayed ghosts
  13 deep elf archers
  4 mana vipers
  2 shadow dragon zombies
  A necromancer (Depths:3)
  3 oklob plants
  An orb spider (shapeshifter) (Depths:5)
  4 orb spiders (Zig:15)
  6 wolf spiders
  2 wolf spider zombies
  14 orc knights
  An iron dragon zombie (Zig:20)
  15 shining eyes
  13 cyclopes
  2 orc sorcerers
  2 sphinx zombies
  65 deep elf magi
  A sphinx skeleton (Zig:18)
  47 ugly things
  5 fauns (Depths:2)
  A stone giant skeleton (Crypt:2)
  3 manticores
  A spectral ettin (Crypt:1)
  2 elephants (shapeshifter)
  13 salamanders
  Joseph (D:7)
  7 rust devils
  2 ice statues (Zig:8)
  A guardian serpent (shapeshifter) (Vaults:5)
  2 water nymphs (Depths:2)
  6 eyes of devastation
  8 vault sentinels
  45 black mambas
  A black mamba (shapeshifter) (Vaults:1)
  13 guardian serpents
  3 centaur zombies
  29 spiny frogs
  28 naga magi
  A sea snake zombie (Crypt:1)
  3 gargoyles
  2 rime drakes (shapeshifter)
  A minotaur zombie (Crypt:1)
  5 hellions
  An orange demon (Depths:3)
  2 elf zombies
  15 freezing wraiths
  4 ice devils
  A spriggan skeleton (Zig:20)
  50 yaktaurs
  8 komodo dragons
  19 rime drakes
  2 demonic crawlers (Zig:15)
  6 red devils
  2 efreet
  3 tormentors
  4 hellwings
  2 tengu conjurers
  24 hornets
  15 guardian mummies
  2 jumping spiders (Zig:15)
  12 trolls
  A hornet (shapeshifter) (Elf:1)
  A troll (shapeshifter) (Depths:4)
  2 ancient zymes (Zig:3)
  An iron troll skeleton (Crypt:1)
  A polar bear (shapeshifter) (Vaults:4)
  23 tyrant leeches
  A raiju (shapeshifter) (Vaults:3)
  17 bog bodies
  A sphinx simulacrum (Depths:3)
  A guardian serpent zombie (Crypt:2)
  A merfolk (shapeshifter) (Vaults:3)
  3 polar bears
  3 spriggan zombies
  163 slime creatures
  A spectral swamp dragon (Crypt:1)
  26 blink frogs
  A snapping turtle (shapeshifter) (Zig:9)
  7 hippogriffs
  A dream sheep (shapeshifter) (D:15)
  An ettin zombie (Zig:6)
  A centaur simulacrum (D:15)
  16 flying skulls
  2 dire elephant simulacra (Crypt:1)
  A vampire (D:13)
  7 shadows
  5 water elementals
  9 tarantellas (Zig:15)
  7 redbacks
  An air elemental (Elf:3)
  4 fire elementals
  Sigmund (D:2)
  15 wraiths
  13 ushabtiu
  2 wyverns (D:14)
  2 humans (D:9)
  5 basilisks
  19 yaks
  2 golden eyes (shapeshifter)
  11 golden eyes
  A black mamba skeleton (Crypt:2)
  A hog (shapeshifter) (Elf:1)
  8 steam dragons (Lair:3)
  A chaos spawn (Depths:3)
  3 hungry ghosts
  24 vampire mosquitoes
  9 wargs
  8 large abominations (Elf:1)
  11 swamp worms
  55 nagas
  A swamp worm (shapeshifter) (Depths:5)
  8 soldier ants
  Duvessa (D:6)
  Menkaure (D:7)
  2 acid dragons
  11 insubstantial wisps
  A deep troll zombie (Crypt:2)
  5 hell hounds
  6 water moccasins
  A spectral snapping turtle (Crypt:1)
  An ice beast (D:6)
  5 porcupines
  An ice beast (shapeshifter) (Elf:1)
  6 floating eyes
  3 necrophages
  47 orc warriors
  13 swamp drakes
  An ettin simulacrum (Crypt:1)
  An eye of draining (shapeshifter) (Vaults:1)
  7 sky beasts
  2 black bears
  8 eyes of draining
  5 wolves (Lair:1)
  2 ice dragon simulacra (Crypt:1)
  4 phantoms
  11 boggarts
  A wolf (shapeshifter) (Elf:1)
  A boggart (shapeshifter) (Elf:1)
  13 centaurs
  51 ogres
  A centaur (shapeshifter) (Elf:1)
  2 crocodiles (Lair:6)
  6 big kobolds (Sewer)
  A big kobold (shapeshifter) (Elf:3)
  25 bullfrogs
  2 elf skeletons
  A yaktaur skeleton (Crypt:2)
  A gnoll sergeant (D:10)
  2 earth elementals
  Dowan (D:6)
  3 scorpions
  A queen bee zombie (Crypt:1)
  A wyvern skeleton (D:11)
  11 killer bees
  3 troll zombies (D:12)
  A snapping turtle simulacrum (Crypt:1)
  A killer bee (shapeshifter) (Elf:1)
  10 wights
  A howler monkey (shapeshifter) (Elf:1)
  4 electric eels
  12 crimson imps
  A quasit (D:6)
  5 hounds
  5 centaur skeletons
  16 orc priests
  8 iron imps
  12 jellies
  4 iguanas
  24 orc wizards
  Natasha (thrice) (D:4)
  16 worker ants
  5 ogre zombies (D:12)
  A hound zombie (D:11)
  2 tengu skeletons
  3 hound skeletons
  A worker ant zombie (D:5)
  24 mummies
  11 gnolls
  19 adders
  2 river rats (Sewer)
  3 shadow imps
  A white imp (Zig:4)
  16 oozes
  4 worms
  2 dart slugs (D:3)
  6 leopard geckos
  126 orcs
  6 giant cockroaches
  6 goblins
  6 hobgoblins
  12 jackals
  A jackal (shapeshifter) (Depths:4)
  27 kobolds
  A quokka (D:6)
  9 ball pythons
  6 bats
  5 frilled lizards
  2 goblin skeletons (D:12)
  4 goblin zombies (D:12)
  2 hobgoblin skeletons (D:12)
  2 hobgoblin zombies (D:12)
  A leopard gecko skeleton (D:7)
  An orc skeleton (D:12)
  14 orc zombies (D:12)
  A rat (shapeshifter) (Elf:1)
  8 rats
  8 briar patches (Depths:2)
  6 bushes
  2 crawling corpses (Elf:3)
  71 fire vortices
  5 fungi
  20 plants
3013 creatures vanquished.

Vanquished Creatures (collateral kills)
  A pandemonium lord (Zig:5)
  An iron giant (Zig:6)
  An apis (Zig:19)
  A vampire knight (Crypt:1)
  A starcursed mass (Zig:3)
  A hydra (Zig:16)
  A ghost crab (Zig:16)
  A titan zombie (Zig:20)
  A shadow wraith (Zig:21)
  A cherub (Zig:19)
  A swamp dragon (Zig:16)
  An ice devil (Zig:8)
  A freezing wraith (Crypt:1)
  An ice dragon zombie (Crypt:2)
  A mummy (Zig:22)
  An orc (Elf:3)
16 creatures vanquished.

Vanquished Creatures (others)
  A spark wasp (Zig:15)
  4 bushes (Lair:6)
  248 fire vortices
  22 fungi
  67 plants
342 creatures vanquished.

Grand Total: 3371 creatures vanquished

Notes
Turn   | Place    | Note
-------+----------+-------------------------------------------
     0 | D:1      | Dfrag the Demonspawn Fire Elementalist began the quest for
                  | the Orb.
     0 | D:1      | Reached XP level 1. HP: 13/13 MP: 3/3
   305 | D:1      | Gained mutation: You have a pair of small antennae on your
                  | head. [demonic ancestry]
   305 | D:1      | Reached XP level 2. HP: 7/19 MP: 3/5
   875 | D:2      | Noticed Sigmund
   941 | D:3      | Gained mutation: You are partially covered in yellow
                  | scales. (AC +2) [demonic ancestry]
   941 | D:3      | Reached XP level 3. HP: 24/24 MP: 6/6
  1155 | D:4      | Gained mutation: You are mostly covered in yellow scales.
                  | (AC +3) [demonic ancestry]
  1155 | D:4      | Reached XP level 4. HP: 10/30 MP: 1/8
  1164 | D:4      | Reached skill level 3 in Spellcasting
  1481 | D:4      | Learned a level 3 spell: Conjure Flame
  1486 | D:4      | Learned a level 4 spell: Sticky Flame
  1630 | D:3      | Gained mutation: You are completely covered in yellow
                  | scales. (AC +4, rCorr) [demonic ancestry]
  1630 | D:3      | Reached XP level 5. HP: 35/35 MP: 6/9
  1893 | D:2      | Killed Sigmund
  1893 | D:2      | Gained mutation: When hurt, damage is shared between your
                  | health and your magic reserves. [demonic ancestry]
  1893 | D:2      | Reached XP level 6. HP: 41/41 MP: 2/11
  2379 | D:3      | Found a stormy altar of Qazlal.
  2952 | D:4      | Reached skill level 4 in Spellcasting
  3340 | D:4      | Reached XP level 7. HP: 22/46 MP: 0/13
  3706 | D:4      | Noticed Natasha
  3710 | D:4      | Killed Natasha
  3815 | D:4      | Noticed Natasha
  3821 | D:4      | Killed Natasha
  3892 | D:4      | Noticed Natasha
  3894 | D:4      | Killed Natasha
  3894 | D:4      | Reached skill level 5 in Fire Magic
  3907 | D:4      | Learned a level 5 spell: Fireball
  3933 | D:5      | Entered Level 5 of the Dungeon
  4012 | D:5      | Found Jihiavun's Jewellery Emporium.
  4020 | D:5      | Bought a cursed amulet of inaccuracy for 24 gold pieces
  4022 | D:5      | Bought a cursed -3 ring of protection for 24 gold pieces
  4275 | D:5      | Reached skill level 5 in Conjurations
  4280 | D:5      | Reached skill level 5 in Spellcasting
  4508 | D:5      | Reached XP level 8. HP: 48/52 MP: 8/15
  5692 | D:6      | Reached skill level 6 in Spellcasting
  5914 | D:6      | Reached XP level 9. HP: 32/57 MP: 3/18
  6099 | D:6      | Found a glowing drain.
  6123 | Sewer    | Entered a sewer
  6683 | Sewer    | Reached skill level 7 in Spellcasting
  6870 | D:6      | Noticed Dowan
  6877 | D:6      | Noticed Duvessa
  6893 | D:6      | Killed Dowan
  6920 | D:6      | Killed Duvessa
  7138 | D:6      | Found a glowing golden altar of the Shining One.
  7765 | D:7      | Noticed Joseph
  7884 | D:7      | Noticed Menkaure
  7891 | D:7      | Killed Menkaure
  7906 | D:7      | Paralysed by a hornet for 2 turns
  8217 | D:7      | Reached XP level 10. HP: 63/63 MP: 12/21
  8260 | D:7      | Killed Joseph
  8260 | D:7      | Reached skill level 8 in Spellcasting
  8477 | D:7      | Found a staircase to the Ecumenical Temple.
  8541 | Temple   | Entered the Ecumenical Temple
  8547 | Temple   | Became a worshipper of Vehumet
  8870 | D:8      | Noticed a two-headed ogre
  8879 | D:8      | Killed a two-headed ogre
  9228 | D:8      | Found a shadowy altar of Dithmenos.
  9305 | D:8      | Reached * piety under Vehumet
  9305 | D:8      | Offered knowledge of Freeze by Vehumet.
  9963 | D:9      | Found Olias's Food Shop.
 10399 | D:9      | Found an iron altar of Okawaru.
 10653 | D:10     | Entered Level 10 of the Dungeon
 10721 | D:10     | Noticed a cyclops
 10730 | D:10     | Killed a cyclops
 10730 | D:10     | Reached skill level 9 in Spellcasting
 10908 | D:10     | Found a roughly hewn altar of Beogh.
 11099 | D:10     | Noticed a two-headed ogre
 11142 | D:10     | Killed a two-headed ogre
 11142 | D:10     | Reached ** piety under Vehumet
 11142 | D:10     | Offered knowledge of Throw Frost by Vehumet.
 11225 | D:10     | Noticed a two-headed ogre
 11231 | D:10     | Reached XP level 11. HP: 63/68 MP: 3/24
 11320 | D:10     | Killed a two-headed ogre
 11320 | D:10     | Reached skill level 10 in Conjurations
 11482 | D:10     | Found a staircase to the Lair.
 11819 | D:10     | Found the +9 staff of Olgreb {rPois}
 11826 | D:10     | Found a runed translucent door.
 11839 | D:10     | Found a runed translucent gate.
 11839 | D:10     | Found a runed translucent gate.
 11840 | D:10     | Found a runed translucent door.
 11853 | D:10     | Learned a level 3 spell: Mephitic Cloud
 11855 | D:10     | Found a runed translucent gate.
 12268 | D:10     | Offered knowledge of Dazzling Spray by Vehumet.
 12283 | D:10     | Reached skill level 10 in Fire Magic
 12658 | D:10     | Reached *** piety under Vehumet
 13313 | D:11     | Reached skill level 10 in Spellcasting
 13466 | D:11     | Offered knowledge of Ignite Poison by Vehumet.
 13600 | D:11     | Found an iron altar of Okawaru.
 14217 | D:12     | Noticed an unseen horror
 14226 | D:12     | Killed an unseen horror
 14226 | D:12     | Reached **** piety under Vehumet
 14306 | D:12     | Offered knowledge of Venom Bolt by Vehumet.
 14313 | D:12     | Noticed a purple ugly thing
 14335 | D:12     | Killed a purple ugly thing
 14710 | D:12     | Reached ***** piety under Vehumet
 14737 | D:12     | Found a staircase to the Orcish Mines.
 14981 | D:13     | Gained mutation: You have a pair of antennae on your head.
                  | [demonic ancestry]
 14981 | D:13     | Reached XP level 12. HP: 74/74 MP: 23/26
 14983 | D:13     | Offered knowledge of Bolt of Magma by Vehumet.
 14989 | D:13     | Noticed a vault guard
 15120 | Lair:1   | Entered Level 1 of the Lair of Beasts
 15150 | Lair:1   | Learned a level 5 spell: Bolt of Magma
 15974 | Lair:2   | Noticed a four-headed hydra
 15978 | Lair:2   | Killed a four-headed hydra
 15978 | Lair:2   | Reached skill level 11 in Spellcasting
 16372 | Lair:2   | Noticed a six-headed hydra
 16377 | Lair:2   | Killed a six-headed hydra
 16947 | Lair:3   | Found a staircase to the Snake Pit.
 17053 | Lair:3   | Noticed an eight-headed hydra
 17056 | Lair:3   | Killed an eight-headed hydra
 17344 | Lair:3   | Got a faintly glowing crystal amulet
 17541 | Lair:3   | Identified the amulet "Kofyrpha" {Spirit Int+4 Dex+2} (You
                  | found it on level 3 of the Lair of Beasts)
 18458 | Lair:3   | Found a staircase to the Swamp.
 18616 | Lair:4   | Gained mutation: Your flesh is heat resistant. (rF+)
                  | [demonic ancestry]
 18616 | Lair:4   | Reached XP level 13. HP: 79/79 MP: 15/28
 19471 | Lair:4   | Learned a level 6 spell: Bolt of Fire
 19538 | Lair:5   | Reached skill level 12 in Spellcasting
 20352 | Lair:5   | Offered knowledge of Yara's Violent Unravelling by Vehumet.
 20522 | Lair:5   | Gained mutation: You tend to lose your temper in combat.
                  | [potion of mutation]
 20522 | Lair:5   | Gained mutation: Your mind is acute. (Int +2) [potion of
                  | mutation]
 20523 | Lair:5   | Lost mutation: You tend to lose your temper in combat.
                  | [potion of mutation]
 20523 | Lair:5   | Lost mutation: Your mind is acute. (Int +2) [potion of
                  | mutation]
 20523 | Lair:5   | Gained mutation: You are somewhat resistant to further
                  | mutation. [potion of mutation]
 20839 | Lair:5   | Found a runed translucent door.
 20840 | Lair:5   | Found a viscous altar of Jiyva.
 20849 | Lair:5   | Found a staircase to the Slime Pits.
 20955 | Lair:6   | Entered Level 6 of the Lair of Beasts
 22191 | Lair:6   | Paralysed by a floating eye for 2 turns
 22518 | Lair:6   | Reached skill level 1 in Fighting
 22540 | Lair:6   | Reached skill level 13 in Spellcasting
 22642 | Lair:6   | Reached XP level 14. HP: 82/88 MP: 12/31
 24037 | Orc:1    | Entered Level 1 of the Orcish Mines
 24045 | Orc:1    | Noticed Nergalle
 24048 | Orc:1    | Killed Nergalle
 24181 | Orc:1    | Found a flagged portal.
 24239 | Bailey   | Entered a bailey
 24394 | Bailey   | Offered knowledge of Conjure Ball Lightning by Vehumet.
 24733 | Orc:1    | Found Julof's Distillery.
 24811 | Orc:1    | Bought a potion of lignification for 45 gold pieces
 24811 | Orc:1    | Bought a potion of heal wounds for 75 gold pieces
 25029 | Orc:1    | Learned a level 8 spell: Ignition
 25036 | Orc:2    | Entered Level 2 of the Orcish Mines
 25036 | Orc:2    | Found a staircase to the Elven Halls.
 25448 | Orc:2    | Reached skill level 5 in Fighting
 25842 | Orc:2    | Offered knowledge of Irradiate by Vehumet.
 26077 | Orc:2    | Reached skill level 14 in Spellcasting
 26561 | Orc:2    | Found Tallet Zuruq's Antique Weapon Shop.
 26566 | Orc:2    | Found Ecoacvos's Book Shoppe.
 26576 | Orc:2    | Found Cecw's Magic Scroll Boutique.
 26577 | Orc:2    | Found Kajueh's Armour Boutique.
 26653 | Orc:2    | Bought a scroll of identify for 32 gold pieces
 26658 | Orc:2    | Bought a +1 cloak for 184 gold pieces
 27091 | Snake:1  | Entered Level 1 of the Snake Pit
 27498 | Snake:1  | Found Ekhal's Book Shoppe.
 27640 | Snake:1  | Found a transporter.
 27640 | Snake:1  | Noticed Huconiu's ghost (adept HaHu)
 27651 | Snake:1  | Found a bloodstained altar of Trog.
 27651 | Snake:1  | Identified the +3 whip of Optimality {drain, *Rage rF++
                  | MP+9 Dex+4}
 27651 | Snake:1  | Identified the +9 rapier of Ument {flame, Str+3}
 27653 | Snake:1  | Identified the +1 flail of Disembowelment {elec, rPois rN+
                  | Dex+2}
 27658 | Snake:1  | Found a transporter.
 28266 | Snake:1  | Learned a level 6 spell: Freezing Cloud
 28359 | Snake:2  | Reached XP level 15. HP: 83/108 MP: 20/33
 28371 | Snake:2  | Reached skill level 1 in Ice Magic
 28371 | Snake:2  | Reached skill level 1 in Air Magic
 28523 | Snake:2  | HP: 1/108 [shock serpent/bolt of electricity (13)]
 29038 | Snake:2  | Noticed a nagaraja
 29041 | Snake:2  | Killed a nagaraja
 29405 | Snake:2  | Found a shimmering altar of Xom.
 29405 | Snake:2  | Noticed Tang's ghost (adept SpAr)
 29406 | Snake:2  | Found a runed translucent door.
 29761 | Snake:2  | Noticed a nagaraja
 29771 | Snake:2  | Killed a nagaraja
 30507 | Snake:2  | Offered knowledge of Poison Arrow by Vehumet.
 31866 | Snake:3  | Identified a scroll of acquirement
 31901 | Snake:3  | Learned a level 6 spell: Poison Arrow
 31936 | Snake:3  | Noticed a nagaraja
 31951 | Snake:3  | Killed a nagaraja
 32781 | Snake:3  | Reached skill level 15 in Spellcasting
 33637 | Snake:4  | Entered Level 4 of the Snake Pit
 33952 | Snake:4  | Gained mutation: You have a pair of large antennae on your
                  | head. (SInv) [demonic ancestry]
 33952 | Snake:4  | Reached XP level 16. HP: 115/115 MP: 25/35
 34697 | Snake:4  | Reached skill level 15 in Conjurations
 34844 | Snake:4  | Offered knowledge of Spellforged Servitor by Vehumet.
 35455 | Snake:4  | HP: 6/172 [anaconda (7)]
 35483 | Snake:4  | HP: 7/172 [naga ritualist/lance of force (24)]
 38006 | Snake:4  | Got a serpentine rune of Zot
 38282 | Slime:1  | Entered Level 1 of the Pits of Slime
 38282 | Slime:1  | Noticed an acid blob
 38285 | Slime:1  | Killed an acid blob
 38286 | Slime:1  | Noticed an acid blob
 38292 | Slime:1  | Killed an acid blob
 38292 | Slime:1  | Reached skill level 16 in Spellcasting
 38296 | Slime:1  | Noticed an acid blob
 38434 | Slime:1  | Gained mutation: Your body sometimes deteriorates upon
                  | taking damage. [a shining eye]
 38435 | Slime:1  | Gained mutation: You have large cloven feet. [a shining
                  | eye]
 39002 | Swamp:1  | Entered Level 1 of the Swamp
 39138 | Swamp:1  | Offered knowledge of Orb of Destruction by Vehumet.
 39151 | Swamp:1  | Reached skill level 15 in Fire Magic
 39684 | Swamp:1  | Reached XP level 17. HP: 120/120 MP: 17/37
 40690 | Swamp:2  | Learned a level 7 spell: Orb of Destruction
 40810 | Swamp:2  | Noticed Frances
 40821 | Swamp:2  | Killed Frances
 41507 | Swamp:3  | Noticed Mara
 41527 | Swamp:3  | Killed Mara
 42285 | Swamp:3  | Lost mutation: Your body sometimes deteriorates upon taking
                  | damage. [potion of mutation]
 42285 | Swamp:3  | Lost mutation: You have large cloven feet. [potion of
                  | mutation]
 42285 | Swamp:3  | Lost mutation: You are somewhat resistant to further
                  | mutation. [potion of mutation]
 42285 | Swamp:3  | Gained mutation: Armour fits poorly on your strangely
                  | shaped body. [potion of mutation]
 42285 | Swamp:3  | Gained mutation: Your magical capacity is low. (-10% MP)
                  | [potion of mutation]
 42285 | Swamp:3  | Gained mutation: You are covered in fur. (AC +1) [potion of
                  | mutation]
 42436 | Swamp:4  | Entered Level 4 of the Swamp
 42436 | Swamp:4  | Noticed Donald
 42440 | Swamp:4  | Killed Donald
 42985 | Swamp:4  | Got a shimmering chain mail
 42986 | Swamp:4  | Identified the +1 chain mail "Ilip Too" {rC+ Int+5 Dex+4}
                  | (You found it on level 4 of the Swamp)
 44837 | Swamp:4  | Reached skill level 17 in Spellcasting
 45394 | Swamp:4  | Got a decaying rune of Zot
 45723 | Slime:1  | Gained mutation: You are immune to clouds of flame.
                  | [demonic ancestry]
 45723 | Slime:1  | Reached XP level 18. HP: 127/127 MP: 21/35
 45723 | Slime:1  | Reached ****** piety under Vehumet
 46331 | Slime:2  | Offered knowledge of Lehudib's Crystal Spear by Vehumet.
 46331 | Slime:2  | Offered knowledge of Fire Storm by Vehumet.
 46331 | Slime:2  | Offered knowledge of Chain Lightning by Vehumet.
 46690 | Elf:1    | Entered Level 1 of the Elven Halls
 46710 | Elf:1    | Found a radiant altar of Vehumet.
 46924 | Elf:1    | Found a runed translucent gate.
 46924 | Elf:1    | Found a runed translucent gate.
 46924 | Elf:1    | Found a runed translucent gate.
 46926 | Elf:1    | Noticed a tentacled monstrosity
 46955 | Elf:1    | Noticed a tentacled monstrosity
 46955 | Elf:1    | Noticed a tentacled monstrosity
 47372 | Orc:2    | Killed a tentacled monstrosity
 47605 | Elf:1    | Noticed an Ice Fiend
 47769 | Elf:1    | Learned a level 9 spell: Fire Storm
 48070 | Elf:1    | Found a runed translucent gate.
 48070 | Elf:1    | Found a runed translucent gate.
 48070 | Elf:1    | Found a runed translucent gate.
 48070 | Elf:1    | Found a runed translucent gate.
 48070 | Elf:1    | Found a runed translucent gate.
 48072 | Elf:1    | Found a runed translucent gate.
 48191 | Elf:1    | Killed a tentacled monstrosity
 48341 | Elf:1    | Found a runed translucent gate.
 48341 | Elf:1    | Found a runed translucent gate.
 48342 | Elf:1    | Noticed Dfrag's ghost (journeyman DDNe)
 48357 | Elf:1    | Found a runed translucent gate.
 48369 | Elf:1    | Killed Dfrag's ghost
 48467 | Elf:1    | Got a pair of polished gloves
 48499 | Elf:1    | Identified the +2 pair of gloves of the Eight Boll Weevils
                  | {*Slow rElec Dex+3} (You found it on level 1 of the Elven
                  | Halls)
 49056 | Elf:2    | Lost mutation: You are covered in fur. (AC +1) [potion of
                  | mutation]
 49056 | Elf:2    | Lost mutation: Armour fits poorly on your strangely shaped
                  | body. [potion of mutation]
 49056 | Elf:2    | Lost mutation: Your magical capacity is low. (-10% MP)
                  | [potion of mutation]
 49056 | Elf:2    | Gained mutation: You are dopey. (Int -2) [potion of
                  | mutation]
 49056 | Elf:2    | Gained mutation: You expend magic power (3 MP) to
                  | strengthen your wands. [potion of mutation]
 49057 | Elf:2    | Lost mutation: You are dopey. (Int -2) [potion of mutation]
 49057 | Elf:2    | Lost mutation: You expend magic power (3 MP) to strengthen
                  | your wands. [potion of mutation]
 49057 | Elf:2    | Gained mutation: You are occasionally teleported next to
                  | monsters. [potion of mutation]
 49057 | Elf:2    | Gained mutation: You expend magic power (3 MP) to
                  | strengthen your wands. [potion of mutation]
 49057 | Elf:2    | Gained mutation: You are covered in fur. (AC +1) [potion of
                  | mutation]
 49058 | Elf:2    | Lost mutation: You are covered in fur. (AC +1) [potion of
                  | mutation]
 49058 | Elf:2    | Lost mutation: You expend magic power (3 MP) to strengthen
                  | your wands. [potion of mutation]
 49058 | Elf:2    | Lost mutation: You are occasionally teleported next to
                  | monsters. [potion of mutation]
 49058 | Elf:2    | Gained mutation: You have an increased reservoir of magic.
                  | (+10% MP) [potion of mutation]
 49058 | Elf:2    | Gained mutation: Your mind is acute. (Int +2) [potion of
                  | mutation]
 49220 | Elf:2    | Found a runed translucent gate.
 49220 | Elf:2    | Found a runed translucent gate.
 49221 | Elf:2    | Found a runed translucent gate.
 49584 | Elf:2    | Found Jamnul's Antique Weapon Boutique.
 50468 | Elf:2    | Gained mutation: Your demonic aura causes spilled blood to
                  | erupt in flames. [demonic ancestry]
 50468 | Elf:2    | Reached XP level 19. HP: 132/133 MP: 5/45
 50716 | Elf:2    | Reached skill level 18 in Spellcasting
 51091 | Elf:3    | Entered Level 3 of the Elven Halls
 51091 | Elf:3    | Noticed Nikola
 51099 | Elf:3    | Killed Nikola
 51579 | Elf:3    | Noticed Saint Roka
 51602 | Elf:3    | Killed Saint Roka
 52174 | Elf:3    | Noticed Bai Suzhen
 52182 | Elf:3    | Killed Bai Suzhen
 52420 | Elf:3    | Found Satos's Antique Armour Shop.
 52425 | Elf:3    | Bought a bloodstained robe for 228 gold pieces
 52430 | Elf:3    | Identified the cursed +1 robe of Kopibus {rC- rN+++ MP+9
                  | Int-4} (You bought it in a shop on level 3 of the Elven
                  | Halls)
 52435 | Elf:3    | Bought a jewelled buckler for 380 gold pieces
 52436 | Elf:3    | Identified the +2 buckler of Bokk {rF++ Int-3} (You bought
                  | it in a shop on level 3 of the Elven Halls)
 52639 | Elf:3    | Reached skill level 1 in Shields
 52971 | Elf:3    | Identified the +4 executioner's axe of Meggeila {drain,
                  | rElec rC- MP-9 Dex+6}
 52972 | Elf:3    | Identified the ring of Saum {*Tele *Corrode rPois Dex+4}
 52974 | Elf:3    | Reached skill level 5 in Shields
 53319 | Elf:3    | Identified the +4 broad axe of Zuweog {venom, rF+ Int+4}
 53774 | Elf:3    | Got a transparent ring mail
 53775 | Elf:3    | Identified the +1 ring mail of Contentment {+Blink +Fly rF+
                  | MR-} (You found it on level 3 of the Elven Halls)
 53851 | Elf:3    | Identified the Papyrus of Confrontation
 54481 | D:13     | Reached XP level 20. HP: 138/139 MP: 18/46
 54764 | D:13     | Identified the Grimoire of Combed Thunderclap
 54846 | D:13     | Identified the Grimoire of Sand
 54873 | D:13     | Identified the Almanac of Axaxaxas mlö
 55036 | D:13     | Found a gate to the Vaults.
 55411 | D:14     | Noticed Snorg
 55413 | D:14     | Killed Snorg
 55565 | D:14     | Reached skill level 10 in Shields
 56013 | D:14     | Found a blossoming altar of Fedhas.
 56149 | D:15     | Entered Level 15 of the Dungeon
 56225 | D:15     | Noticed Josephine
 56228 | D:15     | Killed Josephine
 56781 | D:15     | Found a snail-covered altar of Cheibriados.
 56954 | D:15     | Found a staircase to the Depths.
 57116 | Vaults:1 | Entered Level 1 of the Vaults
 57127 | Vaults:1 | Found Irew's Food Shoppe.
 59417 | Vaults:2 | Gained mutation: You regenerate magic rapidly. [demonic
                  | ancestry]
 59417 | Vaults:2 | Reached XP level 21. HP: 144/145 MP: 25/47
 59861 | Vaults:2 | Found Quughid's Magic Scroll Shop.
 59878 | Vaults:2 | Bought a scroll of identify for 40 gold pieces
 59878 | Vaults:2 | Bought a scroll of acquirement for 1040 gold pieces
 59878 | Vaults:2 | Bought a scroll of acquirement for 1040 gold pieces
 60072 | Vaults:2 | Found a staircase to the Crypt.
 60264 | Vaults:2 | You are sucked into a shaft!
 60381 | Vaults:3 | Reached skill level 15 in Shields
 60479 | Vaults:3 | Paralysed by a hornet for 1 turns
 60781 | Vaults:3 | Found Piteex's Book Emporium.
 60796 | Vaults:3 | Found Onanud's Assorted Antiques.
 60866 | Vaults:3 | Got a steaming shield
 60883 | Vaults:3 | Identified the +0 shield of the Republic {rC+} (You
                  | acquired it on level 3 of the Vaults)
 61231 | Vaults:3 | Found Rined's General Store.
 61939 | Vaults:4 | Found a portal to a secret trove of treasure.
 62710 | Vaults:4 | Reached skill level 19 in Spellcasting
 62875 | Vaults:4 | Reached XP level 22. HP: 92/151 MP: 1/49
 64440 | Vaults:4 | You paid a toll of a +6 demon whip to enter a treasure
                  | trove
 64441 | Trove    | Entered a treasure trove
 64469 | Trove    | Got a thick robe
 64470 | Trove    | Identified the cursed +1 robe of the Spheres {rC+} (You
                  | found it in a treasure trove)
 64496 | Trove    | Got a flickering tin ring
 64497 | Trove    | Identified the ring "Muses" {rF+ SInv Stlth-} (You found it
                  | in a treasure trove)
 64499 | Trove    | Got a wavering tin ring
 64500 | Trove    | Identified the ring of Ydayren {+Fly rF++ rN+} (You found
                  | it in a treasure trove)
 64594 | Vaults:5 | Entered Level 5 of the Vaults
 64603 | Vaults:5 | Noticed a golden dragon
 64609 | Vaults:5 | Killed a golden dragon
 65278 | D:9      | Bought a ration for 50 gold pieces
 65278 | D:9      | Bought a ration for 50 gold pieces
 65278 | D:9      | Bought a ration for 50 gold pieces
 65278 | D:9      | Bought a ration for 50 gold pieces
 65278 | D:9      | Bought a ration for 50 gold pieces
 65278 | D:9      | Bought a ration for 50 gold pieces
 65278 | D:9      | Bought a ration for 50 gold pieces
 65278 | D:9      | Bought a ration for 50 gold pieces
 65278 | D:9      | Bought a ration for 50 gold pieces
 65278 | D:9      | Bought a ration for 50 gold pieces
 65581 | Slime:1  | Lost mutation: Your mind is acute. (Int +2) [a shining eye]
 66434 | Slime:5  | Entered Level 5 of the Pits of Slime
 66458 | Slime:5  | Noticed the Royal Jelly
 66945 | Slime:5  | Found a viscous altar of Jiyva.
 66949 | Slime:5  | Found the +10 dark maul {crush}
 67204 | Slime:5  | Killed the Royal Jelly
 67204 | Slime:5  | Gained mutation: You are robust. (+10% HP) [demonic
                  | ancestry]
 67204 | Slime:5  | Reached XP level 23. HP: 151/172 MP: 24/51
 67224 | Slime:5  | Found the cursed necklace of Bloodlust {*Rage +Rage MR++
                  | Int-3 Slay+6 *Curse}
 67295 | Slime:5  | Got a spiked large shield
 67333 | Slime:5  | Identified Tahooceg's Catalogue of Lethal Necromancy
 67357 | Slime:5  | Got a slimy rune of Zot
 67623 | Slime:4  | Gained mutation: You are dopey. (Int -2) [a shining eye]
 67633 | Slime:4  | Gained mutation: Your skin changes colour to match your
                  | surroundings (Stealth+). [a shining eye]
 67636 | Slime:4  | Gained mutation: Your body sometimes deteriorates upon
                  | taking damage. [a shining eye]
 67637 | Slime:4  | Reached skill level 20 in Spellcasting
 67638 | Slime:4  | Gained mutation: Potions are less effective at restoring
                  | your health. [a shining eye]
 68289 | Lair:2   | Identified the +3 large shield of the Four Souls {Int+3}
                  | (You found it on level 5 of the Pits of Slime)
 68471 | Vaults:3 | Bought a book of the Sky for 1430 gold pieces
 68631 | Depths:1 | Entered Level 1 of the Depths
 68649 | Depths:1 | Reached skill level 5 in Air Magic
 68952 | Depths:1 | Identified the +1 demon trident of the Lame Duck {venom,
                  | rC+}
 69090 | Depths:1 | Found a gateway to Hell.
 69508 | Depths:1 | Got a vibrating diamond amulet
 69509 | Depths:1 | Identified the amulet of Kahamias {Faith *Drain rElec rF-
                  | Dex+10} (You found it on level 1 of the Depths)
 69752 | Depths:1 | Identified the Catalogue of Enhancements and Ice
 69980 | Depths:2 | Reached skill level 10 in Air Magic
 70852 | Depths:2 | Found Guresk's Distillery.
 70860 | Depths:2 | Bought a potion of mutation for 120 gold pieces
 70881 | Depths:2 | Identified the +9 lajatang "Cahies" {flame, rN+ Int+4}
 71105 | Depths:2 | Identified the +0 faerie dragon scales {rCorr Str+4 Int+4}
 71105 | Depths:2 | Noticed the Enchantress
 71110 | Depths:2 | Killed the Enchantress
 71638 | Depths:3 | Lost mutation: Your body sometimes deteriorates upon taking
                  | damage. [potion of mutation]
 71638 | Depths:3 | Lost mutation: You are dopey. (Int -2) [potion of mutation]
 71638 | Depths:3 | Gained mutation: Your system is resistant to poisons.
                  | (rPois) [potion of mutation]
 71638 | Depths:3 | Gained mutation: You have a beak for a mouth. [potion of
                  | mutation]
 71638 | Depths:3 | Gained mutation: You are covered in fur. (AC +1) [potion of
                  | mutation]
 71639 | Depths:3 | Lost mutation: You have an increased reservoir of magic.
                  | (+10% MP) [potion of mutation]
 71639 | Depths:3 | Lost mutation: Your skin changes colour to match your
                  | surroundings (Stealth+). [potion of mutation]
 71639 | Depths:3 | Lost mutation: Your system is resistant to poisons. (rPois)
                  | [potion of mutation]
 71639 | Depths:3 | Gained mutation: You tend to lose your temper in combat.
                  | [potion of mutation]
 71639 | Depths:3 | Gained mutation: You are somewhat resistant to further
                  | mutation. [potion of mutation]
 71640 | Depths:3 | Lost mutation: You are somewhat resistant to further
                  | mutation. [potion of mutation]
 71640 | Depths:3 | Lost mutation: Potions are less effective at restoring your
                  | health. [potion of mutation]
 71640 | Depths:3 | Gained mutation: Your flesh is cold resistant. (rC+)
                  | [potion of mutation]
 71640 | Depths:3 | Gained mutation: You are covered in thick fur. (AC +2)
                  | [potion of mutation]
 71641 | Depths:3 | Lost mutation: You tend to lose your temper in combat.
                  | [potion of mutation]
 71641 | Depths:3 | Lost mutation: Your flesh is cold resistant. (rC+) [potion
                  | of mutation]
 71641 | Depths:3 | Lost mutation: You are covered in thick fur. (AC +2)
                  | [potion of mutation]
 71641 | Depths:3 | Gained mutation: You have large cloven feet. [potion of
                  | mutation]
 71641 | Depths:3 | Gained mutation: You possess an exceptional clarity of
                  | mind. [potion of mutation]
 71641 | Depths:3 | Gained mutation: You can translocate small distances at
                  | will. [potion of mutation]
 71641 | Depths:3 | Gained mutation: You have hoof-like feet. [potion of
                  | mutation]
 71667 | Depths:3 | Found a one-way gate to the infinite horrors of the Abyss.
 71676 | Depths:3 | Gained mutation: You are very robust. (+20% HP) [demonic
                  | ancestry]
 71676 | Depths:3 | Reached XP level 24. HP: 157/195 MP: 36/47
 72228 | Depths:3 | Found Tatyd's Jewellery Shoppe.
 72230 | Depths:3 | Found Alotazxie's Jewellery Emporium.
 72231 | Depths:3 | Found Riecuy's Armour Shoppe.
 72246 | Depths:3 | Bought an uncursed ring of fire for 475 gold pieces
 72255 | Depths:3 | Found a gateway to a ziggurat.
 72346 | Depths:3 | Found a one-way gate leading to the halls of Pandemonium.
 72674 | Depths:3 | Learned a level 9 spell: Tornado
 73053 | Depths:4 | Reached skill level 5 in Ice Magic
 73246 | Depths:4 | Reached skill level 21 in Spellcasting
 73627 | Depths:4 | Paralysed by a floating eye for 3 turns
 73698 | Depths:4 | Identified the +5 falchion of the Other Side {antimagic,
                  | rPois Dex+4 Stlth+}
 73730 | Depths:4 | Noticed a juggernaut
 73736 | Depths:4 | Killed a juggernaut
 73736 | Depths:4 | Reached skill level 15 in Air Magic
 74319 | Depths:5 | Entered Level 5 of the Depths
 74485 | Depths:5 | Found Kiurphoh's Antique Armour Boutique.
 74496 | Depths:5 | Gained mutation: You are extremely robust. (+30% HP)
                  | [demonic ancestry]
 74496 | Depths:5 | Reached XP level 25. HP: 177/219 MP: 38/48
 74672 | Depths:5 | Bought a bloodstained robe for 216 gold pieces
 74672 | Depths:5 | Bought an ancient leather armour for 266 gold pieces
 74672 | Depths:5 | Bought a shimmering scale mail for 342 gold pieces
 74672 | Depths:5 | Identified the +1 robe "Wetiris" {rC+ Str+4} (You bought it
                  | in a shop on level 5 of the Depths)
 74673 | Depths:5 | Identified the +3 leather armour of Onum {+Blink MR+
                  | Stlth+} (You bought it in a shop on level 5 of the Depths)
 74674 | Depths:5 | Identified the +1 scale mail of Owonocw {rC+ Str+5} (You
                  | bought it in a shop on level 5 of the Depths)
 74680 | Depths:5 | Found Buofax's Book Shop.
 75477 | Depths:5 | Found a gate to the Realm of Zot.
 75604 | Depths:5 | Learned a level 8 spell: Lehudib's Crystal Spear
 75614 | Depths:5 | Learned a level 9 spell: Glaciate
 75884 | Crypt:1  | Entered Level 1 of the Crypt
 76603 | Crypt:1  | Found a runed translucent gate.
 76603 | Crypt:1  | Noticed Zuto's ghost (veteran DrFE)
 76604 | Crypt:1  | Found a runed translucent gate.
 76605 | Crypt:1  | Found a runed translucent gate.
 77016 | Crypt:1  | Got a bound bronze ring
 77070 | Crypt:1  | Killed Zuto's ghost
 77468 | Crypt:2  | Found a magical portal.
 77496 | WizLab   | Entered Wucad Mu's Monastery
 77703 | WizLab   | Found the +9 staff of Wucad Mu {channel}
 77988 | WizLab   | Reached XP level 26. HP: 227/227 MP: 48/48
 78328 | Crypt:2  | Got a thick robe
 78329 | Crypt:2  | Identified the +0 robe "Situpsa" {rF+ rCorr} (You found it
                  | on level 2 of the Crypt)
 78330 | Crypt:2  | Identified the ring of Giqu {Wiz Str+4} (You found it on
                  | level 1 of the Crypt)
 78368 | Crypt:2  | Reached skill level 22 in Spellcasting
 78650 | Crypt:3  | Entered Level 3 of the Crypt
 79001 | Zig:1    | Entered Level 1 of a ziggurat
 79022 | Zig:2    | Entered Level 2 of a ziggurat
 79026 | Zig:2    | Reached skill level 10 in Ice Magic
 79042 | Zig:2    | Got a scorched chain mail
 79043 | Zig:2    | Identified the +1 chain mail "Wovocw" {-Cast rElec rF+
                  | Int+5} (You found it on level 2 of a ziggurat)
 79051 | Zig:3    | Entered Level 3 of a ziggurat
 79065 | Zig:3    | Gained mutation: When low on magic, you restore magic in
                  | place of health. [demonic ancestry]
 79065 | Zig:3    | Reached XP level 27. HP: 235/235 MP: 44/49
 79078 | Zig:4    | Entered Level 4 of a ziggurat
 79112 | Zig:5    | Entered Level 5 of a ziggurat
 79117 | Zig:5    | Noticed Umetunt the pandemonium lord
 79122 | Zig:5    | Killed Umetunt the pandemonium lord
 79339 | Zig:6    | Entered Level 6 of a ziggurat
 79410 | Zig:7    | Entered Level 7 of a ziggurat
 79440 | Zig:8    | Entered Level 8 of a ziggurat
 79489 | Zig:8    | Identified the Papyrus of Curses
 79514 | Zig:9    | Entered Level 9 of a ziggurat
 79522 | Zig:9    | Noticed an ancient lich
 79524 | Zig:9    | Killed an ancient lich
 79567 | Zig:10   | Entered Level 10 of a ziggurat
 79588 | Zig:10   | Got a flickering lapis lazuli ring
 79595 | Zig:10   | Identified the ring "Aleagel" {rC+ Str+4} (You found it on
                  | level 10 of a ziggurat)
 79601 | Zig:10   | Got a bloodstained troll leather armour
 79604 | Zig:10   | Identified the +0 troll leather armour "Xyolikhe" {rC+
                  | Regen+ Str+3 Dex+3} (You found it on level 10 of a
                  | ziggurat)
 79615 | Zig:10   | Got a topaz-studded leather armour
 79616 | Zig:10   | Identified the cursed +0 leather armour "Kaetygh" {rC+ MP+9
                  | SInv} (You found it on level 10 of a ziggurat)
 79641 | Zig:11   | Entered Level 11 of a ziggurat
 79649 | Zig:11   | Reached skill level 23 in Spellcasting
 79790 | Zig:12   | Entered Level 12 of a ziggurat
 79798 | Zig:12   | Paralysed by a floating eye for 2 turns
 79818 | Zig:12   | Identified Bafam's Almanac of Torrid Unholy Secrets
 79836 | Zig:12   | Identified the Guide on Gliding Enhancements
 79844 | Zig:13   | Entered Level 13 of a ziggurat
 79855 | Zig:13   | Found the +12 glaive of Prune {chop}
 79879 | Zig:13   | Found the +8 autumn katana {slice, Clar}
 79899 | Zig:13   | Found the +0 pair of fencer's gloves {Riposte Dex+3}
 79910 | Zig:14   | Entered Level 14 of a ziggurat
 79920 | Zig:14   | Noticed an ancient lich
 79932 | Zig:14   | Killed an ancient lich
 80352 | Zig:14   | Got a coiled emerald amulet
 80354 | Zig:14   | Identified the amulet "Woimino" {Spirit rElec Dex+2} (You
                  | found it on level 14 of a ziggurat)
 80363 | Zig:14   | Identified the Volume of the Vitriolic Birds
 80371 | Zig:14   | Got a heavily runed bone ring
 80372 | Zig:14   | Identified the ring "Giom" {rF+ rC+ rN+ MR- MP+9} (You
                  | found it on level 14 of a ziggurat)
 80381 | Zig:14   | Got a silken robe
 80382 | Zig:14   | Identified the +0 robe of Peek-a-Boo {rPois rN+ Str-5} (You
                  | found it on level 14 of a ziggurat)
 80503 | Zig:15   | Entered Level 15 of a ziggurat
 80629 | Zig:15   | Got a pair of heavily runed gloves
 80630 | Zig:15   | Identified the cursed -1 pair of gloves "Cefigeist" {rN+}
                  | (You found it on level 15 of a ziggurat)
 80642 | Zig:15   | Got a twisted plate armour
 80643 | Zig:15   | Identified the +1 plate armour of the Morning Star {Str+2}
                  | (You found it on level 15 of a ziggurat)
 80847 | Zig:16   | Entered Level 16 of a ziggurat
 80887 | Zig:16   | Identified the Incunabulum of Creation and Clay
 80922 | Zig:16   | Got a polished leather armour
 80924 | Zig:16   | Identified the cursed +1 leather armour "Xeugul" {rC+ SInv}
                  | (You found it on level 16 of a ziggurat)
 80952 | Zig:16   | Identified a +2 pair of boots of running (You found it on
                  | level 16 of a ziggurat)
 80984 | Zig:17   | Entered Level 17 of a ziggurat
 80996 | Zig:17   | Reached skill level 10 in Fighting
 81051 | Zig:17   | Got a pair of scorched boots
 81052 | Zig:17   | Identified the +1 pair of boots "Zohoel" {rPois rF+} (You
                  | found it on level 17 of a ziggurat)
 81094 | Zig:18   | Entered Level 18 of a ziggurat
 81103 | Zig:18   | Noticed a greater mummy
 81104 | Zig:18   | Noticed a greater mummy
 81104 | Zig:18   | Noticed a greater mummy
 81105 | Zig:18   | Noticed a greater mummy
 81106 | Zig:18   | Killed a greater mummy
 81106 | Zig:18   | Reached skill level 15 in Ice Magic
 81107 | Zig:18   | Killed a greater mummy
 81107 | Zig:18   | Killed a greater mummy
 81107 | Zig:18   | Noticed a greater mummy
 81109 | Zig:18   | Noticed a greater mummy
 81109 | Zig:18   | Noticed a greater mummy
 81110 | Zig:18   | Killed a greater mummy
 81110 | Zig:18   | Noticed a greater mummy
 81113 | Zig:18   | Noticed a greater mummy
 81114 | Zig:18   | Killed a greater mummy
 81114 | Zig:18   | Killed a greater mummy
 81114 | Zig:18   | Killed a greater mummy
 81114 | Zig:18   | Killed a greater mummy
 81116 | Zig:18   | Killed a greater mummy
 81640 | Zig:18   | Got a shimmering copper ring
 81649 | Zig:18   | Identified the ring of Tulullae {SInv Stlth+} (You found it
                  | on level 18 of a ziggurat)
 81655 | Zig:19   | Entered Level 19 of a ziggurat
 81668 | Zig:19   | Reached skill level 1 in Earth Magic
 81672 | Zig:19   | Reached skill level 5 in Earth Magic
 81700 | Zig:19   | Found the ring of Shadows {Umbra +Inv Stlth+}
 81732 | Zig:19   | Identified the Reference Book on the Blaze and Protection
 81889 | Zig:20   | Entered Level 20 of a ziggurat
 82290 | Zig:21   | Entered Level 21 of a ziggurat
 82306 | Zig:21   | Noticed an ancient lich
 82308 | Zig:21   | Killed an ancient lich
 82325 | Zig:21   | Reached skill level 10 in Earth Magic
 82365 | Zig:21   | Identified the Catalogue of Clay and Poisoning
 82430 | Zig:22   | Entered Level 22 of a ziggurat
 82450 | Zig:22   | Noticed a greater mummy
 82451 | Zig:22   | Noticed a greater mummy
 82451 | Zig:22   | Noticed a greater mummy
 82452 | Zig:22   | Noticed a greater mummy
 82453 | Zig:22   | Killed a greater mummy
 82453 | Zig:22   | Killed a greater mummy
 82454 | Zig:22   | Noticed a greater mummy
 82454 | Zig:22   | Noticed a greater mummy
 82455 | Zig:22   | Killed a greater mummy
 82456 | Zig:22   | Killed a greater mummy
 82456 | Zig:22   | Killed a greater mummy
 82456 | Zig:22   | Noticed a greater mummy
 82457 | Zig:22   | Noticed a greater mummy
 82458 | Zig:22   | Killed a greater mummy
 82458 | Zig:22   | Killed a greater mummy
 82459 | Zig:22   | Noticed a greater mummy
 82459 | Zig:22   | Noticed a greater mummy
 82460 | Zig:22   | Noticed a greater mummy
 82461 | Zig:22   | Killed a greater mummy
 82462 | Zig:22   | Killed a greater mummy
 82462 | Zig:22   | Killed a greater mummy
 82462 | Zig:22   | Noticed a greater mummy
 82463 | Zig:22   | Killed a greater mummy
 82464 | Zig:22   | Noticed a greater mummy
 82466 | Zig:22   | HP: 10/391 [greater mummy/divine providence (13)]
 82466 | Zig:22   | HP: 4/391 [death scarab[a greater mummy] (6)]
 82466 | Zig:22   | Slain by a bennu

Levels and vault maps discovered:
D:1:      lightli_arrival_isolated_outpost, layout_rooms,
          minmay_tree_intersection
D:2:      layout_loops_corners, uniq_sigmund
D:3:      layout_loops_corners, lemuel_doored_altar, st_stairs_9
D:4:      layout_basic, uniq_natasha
D:5:      kb_forest_paths, layout_layer_cave, serial_shops, shop, first_ration
D:6:      layout_loops_ring, gup_sewer_entry_glass, lemuel_altar_in_water,
          uniq_duvessa
D:7:      layout_cave_pools, minmay_temple_entry_enclosed_plants, uniq_joseph,
          uniq_menkaure
D:8:      layout_gridville, hangedman_little_slice_of_home,
          grunt_dithmenos_smoke
D:9:      layout_layer_cave, serial_shops, shop, okawaru_humans
D:10:     layout_roguey [special_room_orc], erik_lair_orcish_takeover,
          minmay_guarded_unrand_staff_of_olgreb
D:11:     layout_stronghold, basic_altar
D:12:     layout_basic, zombieorc2_lemuel
D:13:     layout_irregular_city, lightli_vaults_fourway_checkpoint,
          serial_glass, glass_columns_b, glass_columns_a, glass_columns_b,
          glass_columns_a, glass_columns_a, glass_columns_a, glass_columns_b,
          glass_columns_a, bh_hangedman_babel_library
D:14:     minmay_outward_triangles, layout_rooms, fedhas_altar_4, uniq_snorg
D:15:     hangedman_depths_entry_civil_slaughter, layout_irregular_city,
          grunt_ministairs_10, cheibriados_altar_1, uniq_josephine
Temple:   grunt_wide_crystal_templ
Lair:1:   layout_gridlike, infiniplex_staircase_pool_2
Lair:2:   layout_cave_pods, minmay_lair_oklob_bushes
Lair:3:   layout_roguey, skrybe_swamp_entry_bodies,
          minmay_snake_entry_guardpost_small, bobbens_dragon_lair_wall,
          lemuel_fruit_fields
Lair:4:   layout_roguey, grunt_megastairs_5
Lair:5:   layout_loops_ring, slime_altar_2, minmay_lair_drake_nest,
          grunt_megastairs_3
Lair:6:   minmay_lair_end_frog_pond, layout_loops_ring, disabler_island
Swamp:1:  layout_basic_swamp, evilmike_swamp_ruin_rubble_2
Swamp:2:  layout_basic_swamp, nicolae_swamp_trees_clearing, uniq_frances
Swamp:3:  layout_basic_swamp, evilmike_swamp_ruin_rubble_1, uniq_mara
Swamp:4:  swamp_basic_johnstein, layout_basic_swamp, uniq_donald
Snake:1:  layout_misc_corridors, gammafunk_ghost_wrathful_warriors,
          serial_shops, shop
Snake:2:  kennysheep_snake, layout_basic, ebering_ghost_xom
Snake:3:  layout_chambers
Snake:4:  grunt_snake_rune_pools, layout_rooms, chequers_hall_statues_corner_a
Slime:1:  cheibrodos_slime_lost_civilization_3, layout_caves
Slime:2:  layout_caves
Slime:3:  layout_caves
Slime:4:  layout_caves
Slime:5
Orc:1:    layout_caves, enter_bailey_2, serial_shops, shop, uniq_nergalle
Orc:2:    st_orc_open, layout_caves
Elf:1:    eino_elf_arrival_altar, layout_gridlike,
          ploomutoo_gammafunk_ghost_potion_laboratory, orc_legates,
          minmay_misc_feat_ornament
Elf:2:    layout_geoelf_grid, serial_shops, nicolae_shop_overgrown_old_shop
Elf:3:    elf_hall, layout_geoelf_castle, serial_shops, shop, st_stairs_7,
          abandoned_shop, uniq_bai_suzhen, uniq_nikola, uniq_saint_roka
Vaults:1: vaults_room_grunt_arrival_ludios, nicolae_vaults_network_s,
          nicolae_vaults_hallways_thing, vaults_standard_mumra_x,
          vaults_room_pool, vaults_dpeg_ring, ontoclasm_vaults_spin,
          vaults_mumra_hexcomb, vaults_room_corners, layout_vaults_omnigrid,
          serial_shops, nicolae_shop_statue_plus
Vaults:2: minmay_crypt_entry_simple_plaza, ontoclasm_vaults_ring_small,
          v_misc_11, vaults_room_glass_cross, nicolae_vaults_little_ls,
          vaults_mumra_chevron_long, nicolae_vaults_specimen_jars, v_misc_17,
          hangedman_vaults_stagger, v_misc_1, vaults_dpeg_cross,
          nicolae_vaults_ring_of_whatevers, nicolae_vaults_sealed_display,
          layout_vaults_omnibox, serial_shops, shop
Vaults:3: nicolae_vaults_network_square, hangedman_vaults_pinch,
          hangedman_vaults_stream, ontoclasm_vaults_fault,
          grunt_vaults_hallway_long, nicolae_vaults_mini_display_case,
          ontoclasm_vaults_gateway, ontoclasm_vaults_shuriken, st_more_cells,
          layout_vaults_chaotic_city, serial_shops, shop, shop, shop
Vaults:4: grunt_vaults_twisty, ontoclasm_vaults_idyll,
          nicolae_vaults_shelves_hall, v_misc_17, ontoclasm_vaults_pinch,
          v_misc_24, st_cells, hangedman_vaults_corner, v_misc_14,
          vaults_room_fours, v_pattern_4, vaults_room_corners, v_misc_1,
          nicolae_vaults_diagonal_hallway_8, layout_vaults_maze_bifur,
          enter_trove_5
Vaults:5: serial_shops
Crypt:1:  layout_chaotic_city, gammafunk_ghost_necromancy
Crypt:2:  layout_misc_corridors, lightli_enter_wizlab_magi_temple, st_stairs_5,
          palyth_stone_intersect, grunt_ministairs_11
Crypt:3:  grunt_crypt_end_deaths_head, uniq_boris
Depths:1: layout_forbidden_donut, hellmouth_3, solitary_fountain,
          minmay_misc_feat_tower, minmay_the_grid_2x2
          [minmay_the_grid_large_cup, minmay_the_grid_dragon_b,
          minmay_the_grid_holed_spiral, minmay_the_grid_prize_trominoes]
Depths:2: grunt_forest_end_winery, layout_small_grid, minmay_misc_feat_rows,
          serial_shops, nicolae_shop_trees, hell_entry, serial_sigils,
          serial_sigils_hangedman_quiver, serial_sigils_hangedman_carve,
          serial_sigils_hangedman_shear, serial_sigils_hangedman_shear
Depths:3: minmay_angry_zag, layout_basic, enter_ziggurat_e,
          rand_demon_pan_entry_1, abyss_entry, hangedman_decor_lopped,
          hell_entry, minmay_shop_star, minmay_staircase_statues,
          serial_bayou_shore_b
Depths:4: grunt_runaround [grunt_runaround_doors_1, grunt_runaround_doors_2,
          grunt_runaround_doors_3, grunt_runaround_doors_4,
          grunt_runaround_loot], hell_entry, abyss_entry, pan_entry
Depths:5: grunt_bruiser_brothers, layout_cave_shapes,
          grunt_hell_entry_dis_grunt, chequers_serial_rivers_large_a,
          serial_bayou_shore_b, minmay_shoptagon
Zig:1
Zig:2:    ziggurat_pillar_abc, ziggurat_pillar_abc, ziggurat_pillar_abc,
          ziggurat_pillar_abc
Zig:3:    ziggurat_pillar_abc, ziggurat_pillar_abc, ziggurat_pillar_abc,
          ziggurat_pillar_abc
Zig:4:    ziggurat_pillar_abc, ziggurat_pillar_abc, ziggurat_pillar_abc,
          ziggurat_pillar_abc
Zig:5
Zig:6
Zig:7
Zig:8
Zig:9:    ziggurat_pillar_abc, ziggurat_pillar_abc, ziggurat_pillar_abc,
          ziggurat_pillar_abc
Zig:10
Zig:11
Zig:12:   ziggurat_pillar_centre_c, ziggurat_pillar_centre_c,
          ziggurat_pillar_centre_c, ziggurat_pillar_centre_c
Zig:13:   ziggurat_pillar_centre_c, ziggurat_pillar_centre_c,
          ziggurat_pillar_centre_c, ziggurat_pillar_centre_c
Zig:14
Zig:15
Zig:16
Zig:17:   ziggurat_pillar_abc, ziggurat_pillar_abc, ziggurat_pillar_abc,
          ziggurat_pillar_abc
Zig:18
Zig:19
Zig:20
Zig:21
Zig:22:   ziggurat_pillar_centre_c, ziggurat_pillar_centre_c,
          ziggurat_pillar_centre_c, ziggurat_pillar_centre_c
Trove:    trove_garden
Sewer:    sewer_co_tree
Bailey:   bailey_axe_1, bailey
WizLab:   wizlab_wucad

Skill      XL: |  1  2  3  4  5  6  7  8  9 10 11 12 13 14 15 16 17 18 19 20 21 22 23 24 25 26 27 |
---------------+----------------------------------------------------------------------------------+-----
Fire Magic     | 3 4 5 6 8 9 10 12 13 15 16 17 18 19 | 19.3
Conjurations   | 2 3 4 5 6 8 9 11 12 13 14 16 17 18 19 20 21 | 21.4
Spellcasting   | 3 4 5 6 7 9 10 11 13 14 15 16 17 18 19 20 21 22 23 | 23.8
Fighting       | 1 7 13 | 13.1
Ice Magic      | 4 7 9 10 19 | 19.2
Air Magic      | 4 12 15 17 20 | 20.4
Shields        | 8 14 15 | 15.0
Earth Magic    | 12 | 12.4
Dodging        | |  1.7
Stealth        | |  1.7

Action                   |  1- 3 |  4- 6 |  7- 9 | 10-12 | 13-15 | 16-18 | 19-21 | 22-24 | 25-27 || total
-------------------------+-------+-------+-------+-------+-------+-------+-------+-------+-------++-------
Melee: Unarmed           |    28 |       |       |       |       |       |       |       |       ||    28
       Whip              |    14 |    65 |   217 |    96 |       |       |       |       |       ||   392
       Flail             |       |       |    14 |       |       |       |       |       |       ||    14
       War axe           |       |       |       |    71 |       |       |       |       |       ||    71
       Staff             |       |       |       |   146 |   230 |   123 |   147 |    28 |    39 ||   713
       Kick              |       |       |       |       |       |     4 |       |       |       ||     4
       Peck              |       |       |       |       |       |       |       |       |    11 ||    11
 Cast: Flame Tongue      |    35 |    56 |   189 |   174 |    46 |     9 |       |       |       ||   509
       Sticky Flame      |       |     1 |    29 |    92 |    91 |    60 |    44 |     6 |     1 ||   324
       Conjure Flame     |       |       |     2 |     6 |       |       |       |       |       ||     8
       Fireball          |       |       |       |   118 |   331 |   468 |   294 |   261 |    57 ||  1529
       Bolt of Magma     |       |       |       |       |    20 |       |       |       |       ||    20
       Bolt of Fire      |       |       |       |       |     3 |     8 |     6 |     1 |       ||    18
       Ignition          |       |       |       |       |     4 |    47 |   128 |   132 |    80 ||   391
       Freezing Cloud    |       |       |       |       |    30 |    16 |     7 |     3 |     1 ||    57
       Orb of Destructio |       |       |       |       |       |    57 |    88 |    99 |    72 ||   316
       Fire Storm        |       |       |       |       |       |       |     1 |    28 |   129 ||   158
       Tornado           |       |       |       |       |       |       |       |       |    16 ||    16
 Abil: Evoke Invisibilit |       |       |       |       |       |       |       |       |     1 ||     1
Evoke: Wand              |       |       |     3 |     6 |    10 |     3 |     1 |       |       ||    23
       Lightning rod     |       |       |       |       |    14 |    12 |     9 |       |     1 ||    36
       Box of beasts     |       |       |       |       |     1 |       |       |       |       ||     1
       Staff of Olgreb   |       |       |       |       |       |     6 |       |       |       ||     6
  Use: Potion            |       |     2 |     3 |     4 |     7 |    16 |     2 |     5 |    17 ||    56
       Scroll            |       |       |    12 |     9 |    21 |     7 |    12 |    15 |    30 ||   106
 Stab: Sleeping          |       |       |     1 |     6 |       |       |     1 |       |       ||     8
  Eat: Chunk             |     1 |     8 |    15 |    34 |    57 |    32 |    79 |    37 |    11 ||   274
       Ration            |       |       |     1 |     7 |     5 |    17 |     3 |    15 |    16 ||    64
Armor: Robe              |    21 |    30 |   101 |    75 |       |       |       |       |       ||   227
       Skin              |       |     9 |    37 |       |    49 |    14 |       |       |    53 ||   162
       Troll leather arm |       |       |       |   110 |    88 |   121 |    78 |    29 |       ||   426
       Acid dragon scale |       |       |       |       |       |       |       |     4 |    76 ||    80
Dodge: Dodged            |    45 |    47 |   180 |   279 |   373 |   315 |   208 |    89 |    62 ||  1598
Block: Shield            |       |       |       |       |       |       |    85 |   113 |   133 ||   331

Table legend:
 A = Non-vault XP
 B = Vault XP
 C = Vault XP percentage of total XP
 D = Non-vault monster count
 E = Vault monster count
 F = Vault count percentage of total count
                 A         B        C        D         E       F
            +---------+---------+-------+---------+---------+-------
      Total | 1297841 |  631746 |  32.7 |    1958 |     940 |  32.4
            +---------+---------+-------+---------+---------+-------
        D:1 |      17 |       0 |   0.0 |      11 |       0 |   0.0
        D:2 |      51 |     212 |  80.6 |      13 |       1 |   7.1
        D:3 |     162 |       6 |   3.6 |      25 |       3 |  10.7
        D:4 |     466 |      35 |   7.0 |      22 |       1 |   4.3
        D:5 |    1122 |      87 |   7.2 |      25 |       4 |  13.8
        D:6 |    1234 |     247 |  16.7 |      22 |       5 |  18.5
        D:7 |    1125 |     638 |  36.2 |      20 |       2 |   9.1
        D:8 |    2070 |     163 |   7.3 |      22 |       8 |  26.7
        D:9 |     248 |     392 |  61.2 |       5 |       2 |  28.6
       D:10 |    3949 |    2828 |  41.7 |      29 |      57 |  66.3
       D:11 |    1687 |       0 |   0.0 |      26 |       0 |   0.0
       D:12 |    3636 |     691 |  16.0 |      22 |      36 |  62.1
       D:13 |   10278 |    7237 |  41.3 |      39 |      14 |  26.4
       D:14 |   13303 |    5078 |  27.6 |      37 |       5 |  11.9
       D:15 |   12475 |    8966 |  41.8 |      31 |      14 |  31.1
     Lair:1 |    3343 |       0 |   0.0 |      17 |       0 |   0.0
     Lair:2 |    2916 |     595 |  16.9 |       8 |       1 |  11.1
     Lair:3 |    2867 |    8235 |  74.2 |       9 |      29 |  76.3
     Lair:4 |    2784 |     352 |  11.2 |      11 |       3 |  21.4
     Lair:5 |    3473 |    4106 |  54.2 |      17 |      12 |  41.4
     Lair:6 |    6259 |   14281 |  69.5 |      19 |      50 |  72.5
    Swamp:1 |    9959 |       0 |   0.0 |      26 |       0 |   0.0
    Swamp:2 |   16041 |    2365 |  12.8 |      39 |       1 |   2.5
    Swamp:3 |   11152 |    7758 |  41.0 |      27 |       1 |   3.6
    Swamp:4 |    9609 |   24868 |  72.1 |      27 |      32 |  54.2
    Snake:1 |    7073 |       0 |   0.0 |      15 |       0 |   0.0
    Snake:2 |   12770 |   20695 |  61.8 |      25 |      34 |  57.6
    Snake:3 |   13969 |       0 |   0.0 |      27 |       0 |   0.0
    Snake:4 |   13146 |   38806 |  74.7 |      27 |      58 |  68.2
    Slime:1 |   27879 |       0 |   0.0 |      40 |       0 |   0.0
    Slime:2 |   24877 |       0 |   0.0 |      36 |       0 |   0.0
    Slime:3 |   17041 |       0 |   0.0 |      34 |       0 |   0.0
    Slime:4 |   21138 |       0 |   0.0 |      47 |       0 |   0.0
    Slime:5 |   11875 |   30188 |  71.8 |      11 |      14 |  56.0
      Orc:1 |    1573 |    1947 |  55.3 |      32 |       3 |   8.6
      Orc:2 |    4639 |   17706 |  79.2 |      39 |      36 |  48.0
      Elf:1 |    3655 |   28676 |  88.7 |       8 |      55 |  87.3
      Elf:2 |   17532 |   25399 |  59.2 |      30 |      30 |  50.0
      Elf:3 |   20408 |   61318 |  75.0 |      32 |      49 |  60.5
   Vaults:1 |   28945 |   12517 |  30.2 |      44 |      21 |  32.3
   Vaults:2 |   14866 |   17481 |  54.0 |      30 |      26 |  46.4
   Vaults:3 |   39548 |    9207 |  18.9 |      69 |      15 |  17.9
   Vaults:4 |   37439 |   26764 |  41.7 |      51 |      33 |  39.3
   Vaults:5 |    2298 |   39170 |  94.5 |       9 |      34 |  79.1
    Crypt:1 |   25628 |   10584 |  29.2 |      40 |      12 |  23.1
    Crypt:2 |   26938 |    7937 |  22.8 |      44 |       8 |  15.4
    Crypt:3 |       0 |    2163 | 100.0 |       0 |       7 | 100.0
   Depths:1 |   46899 |   18926 |  28.8 |      48 |      27 |  36.0
   Depths:2 |   16196 |   25931 |  61.6 |      18 |      25 |  58.1
   Depths:3 |   48328 |    4770 |   9.0 |      66 |       7 |   9.6
   Depths:4 |    2595 |  112364 |  97.7 |       4 |      81 |  95.3
   Depths:5 |   50044 |   21054 |  29.6 |      44 |      15 |  25.4
      Zig:1 |    1969 |       0 |   0.0 |       2 |       0 |   0.0
      Zig:2 |    2849 |       0 |   0.0 |       2 |       0 |   0.0
      Zig:3 |    3561 |       0 |   0.0 |       4 |       0 |   0.0
      Zig:4 |    7514 |       0 |   0.0 |       6 |       0 |   0.0
      Zig:5 |   21752 |       0 |   0.0 |       4 |       0 |   0.0
      Zig:6 |    6281 |       0 |   0.0 |      10 |       0 |   0.0
      Zig:7 |   10063 |       0 |   0.0 |      12 |       0 |   0.0
      Zig:8 |   10411 |    2309 |  18.2 |      13 |       4 |  23.5
      Zig:9 |   18199 |       0 |   0.0 |      12 |       0 |   0.0
     Zig:10 |   19884 |       0 |   0.0 |      14 |       0 |   0.0
     Zig:11 |   19423 |       0 |   0.0 |      23 |       0 |   0.0
     Zig:12 |   23153 |    1830 |   7.3 |      20 |       2 |   9.1
     Zig:13 |   23211 |       0 |   0.0 |      34 |       0 |   0.0
     Zig:14 |   37367 |       0 |   0.0 |      24 |       0 |   0.0
     Zig:15 |   24285 |       0 |   0.0 |      37 |       0 |   0.0
     Zig:16 |   32149 |       0 |   0.0 |      37 |       0 |   0.0
     Zig:17 |   37489 |       0 |   0.0 |      43 |       0 |   0.0
     Zig:18 |   74992 |       0 |   0.0 |      58 |       0 |   0.0
     Zig:19 |   68698 |       0 |   0.0 |      38 |       0 |   0.0
     Zig:20 |   40585 |       0 |   0.0 |      48 |       0 |   0.0
     Zig:21 |   68333 |       0 |   0.0 |      45 |       0 |   0.0
     Zig:22 |   88148 |    1741 |   1.9 |      53 |       2 |   3.6
      Sewer |       0 |     687 | 100.0 |       0 |      28 | 100.0
     Bailey |       0 |    1276 | 100.0 |       0 |      32 | 100.0
     WizLab |       0 |    1160 | 100.0 |       0 |       1 | 100.0
            +---------+---------+-------+---------+---------+-------
